 Dungeon Crawl Stone Soup version 0.21-a0-508-gf08a75f (webtiles) character file.

86 slep the Skirmisher (level 4, -2/35 HPs)
             Began as a Demonspawn Fighter on Nov 29, 2017.
             Was an Initiate of Okawaru.
             Slain by slep's ghost (11 damage)
             ... on level 3 of the Dungeon.
             The game lasted 00:05:05 (1841 turns).

slep the Skirmisher (Demonspawn Fighter)            Turns: 1841, Time: 00:05:06

Health: -2/35      AC:  6    Str: 16    XL:     4   Next: 26%
Magic:  4/4        EV:  7    Int:  9    God:    Okawaru [......]
Gold:   77         SH:  9    Dex: 16    Spells: 3/3 levels left

rFire    + . .     SeeInvis .   a - +0 trident
rCold    x . .     Gourm    .   c - +0 shield
rNeg     . . .     Faith    .   b - +0 scale mail
rPois    .         Spirit   .   (no helmet)
rElec    .         Reflect  .   (no cloak)
rCorr    .         Harm     .   (no gloves)
MR       .....                  (no boots)
Stlth    +.........             (no amulet)
HPRegen  0.11/turn              l - ring of fire
MPRegen  0.09/turn              (no ring)

@: no status effects
A: thin skeletal structure 1
a: Renounce Religion


You were on level 3 of the Dungeon.
You worshipped Okawaru.
Okawaru was noncommittal.
You were not hungry.

You visited 1 branch of the dungeon, and saw 3 of its levels.

You collected 77 gold pieces.

Inventory:

Hand Weapons
 a - a +0 trident (weapon)
Missiles
 o - a throwing net (quivered)
Armour
 b - a +0 scale mail (worn)
 c - a +0 shield (worn)
Jewellery
 l - a ring of fire (left hand)
Scrolls
 e - 3 scrolls of identify {unknown}
 i - a scroll of magic mapping {unknown}
Potions
 d - 2 potions of might
 h - a potion of heal wounds {unknown}
 j - a potion of curing {unknown}
 k - a potion of brilliance {unknown}
 n - a potion of berserk rage {unknown}
 p - a potion of flight {unknown}
Comestibles
 f - 3 bread rations
 g - 2 royal jellies


   Skills:
 + Level 3.4 Fighting
 + Level 2.8 Polearms
 + Level 3.2 Armour
 + Level 0.6 Dodging
 + Level 3.1 Shields


You had 3 spell levels left.
You didn't know any spells.

Dungeon Overview and Level Annotations

Branches:
Dungeon (3/15)

Altars:
Okawaru

Annotations:
D:3 slep's ghost, amateur DsFi


Innate Abilities, Weirdness & Mutations

You have a somewhat thin skeletal structure. (Dex +2, Stealth)


Message History

Slep's ghost is moderately damaged.
You block the jackal's attack. The jackal bites you.
Attack whom?
Press: ? - help, Dir - move target cursor, f/p - slep's ghost
Aim: slep's ghost (lightly damaged)
The jackal is in the way.
You puncture the jackal!
You kill the jackal!
Okawaru accepts your kill. Slep's ghost hits you!
You hit slep's ghost.
Slep's ghost is moderately damaged.
Slep's ghost hits you but does no damage.
You hit slep's ghost.
Slep's ghost is moderately damaged.
Slep's ghost hits you!
* * * LOW HITPOINT WARNING * * *
You hit slep's ghost but do no damage.
Slep's ghost is moderately damaged.
Slep's ghost hits you!
You die...

#....<<......#
#.....#)#..###
#...........#
#.#####..#..#
.. ###..# ....
#. #....# ...
# #.#K## ..
#.#W# . . #@#
## #.# ..#
####


You could see slep's ghost and a kobold.

Vanquished Creatures
  3 adders (D:2)
  2 worms (D:2)
  A leopard gecko (D:1)
  8 bats
  4 giant cockroaches
  5 goblins
  4 hobgoblins
  7 jackals
  3 quokkas (D:2)
  2 frilled lizards (D:1)
  4 kobolds
  6 rats
49 creatures vanquished.

Notes
Turn   | Place    | Note
-------+----------+-------------------------------------------
     0 | D:1      | slep the Demonspawn Fighter began the quest for the Orb.
     0 | D:1      | Reached XP level 1. HP: 18/18 MP: 1/1
   139 | D:1      | Gained mutation: You have a somewhat thin skeletal structure. (Dex +2, Stealth) [demonic ancestry]
   139 | D:1      | Reached XP level 2. HP: 23/24 MP: 2/2
   710 | D:2      | Reached XP level 3. HP: 29/29 MP: 3/3
   906 | D:2      | Found an iron altar of Okawaru.
   914 | D:2      | Became a worshipper of Warmaster Okawaru
  1277 | D:2      | Reached XP level 4. HP: 28/35 MP: 4/4
  1807 | D:3      | Noticed slep's ghost (amateur DsFi)
  1841 | D:3      | Slain by slep's ghost

Vault maps used:
D:1:      dpeg_arrival_long_road, hangedman_feature_mirror
D:2:      lemuel_round_altar, first_bread, hangedman_feature_mirror
D:3:      roderic_lattice_a

Skill      XL: |  1  2  3 |
---------------+----------+-----
Armour         | 3 |  3.2
Polearms       | 2 |  2.8
Shields        | 3 |  3.1
Fighting       | |  3.4
Dodging        | |  0.6

Action                   |  1- 3 |  4- 6 || total
-------------------------+-------+-------++-------
Melee: Trident           |   148 |    51 ||   199
  Eat: Chunk             |     1 |     2 ||     3
Armor: Scale mail        |    79 |    17 ||    96
Dodge: Dodged            |    40 |    13 ||    53
Block: Shield            |    80 |    22 ||   102

Table legend:
 A = Spawn XP
 B = Non-spawn XP
 C = Spawn XP percentage of total XP
 D = Spawn monster count
 E = Non-spawn monster count
 F = Spawn count percentage of total count
 G = Total turns spent on level
                    A         B        C        D         E        F      G
               +---------+---------+-------+---------+---------+-------+---------
         Total |       0 |     123 |   0.0 |       0 |      49 |   0.0 |  1841
               +---------+---------+-------+---------+---------+-------+---------
           D:1 |       0 |      40 |   0.0 |       0 |      24 |   0.0 |   708
           D:2 |       0 |      75 |   0.0 |       0 |      21 |   0.0 |  1096
           D:3 |       0 |       8 |   0.0 |       0 |       4 |   0.0 |    37
               +---------+---------+-------+---------+---------+-------+---------
